 Dungeon Crawl Stone Soup version 0.19-a0-1268-g6c5d9f8 (webtiles) character file.

46 Amnesiac the Vexing (level 3, 0/26 HPs)
             Began as a Demigod Enchanter on Aug 29, 2016.
             Succumbed to an adder's poison
             ... on level 2 of the Dungeon.
             The game lasted 00:02:43 (1833 turns).

Amnesiac the Vexing (Demigod Enchanter)             Turns: 1833, Time: 00:02:44

Health: 0/26       AC:  4    Str: 16    XL:     3   Next: 27%
Magic:  2/8        EV: 12    Int: 19    God:
Gold:   48         SH:  0    Dex: 18    Spells: 2 memorised, 3 levels left

rFire  . . .     SeeInvis .     e - -2 dagger (curse)
rCold  . . .     Gourm    .     b - +1 robe
rNeg   . . .     Faith    .     (no shield)
rPois  .         Spirit   .     (no helmet)
rElec  .         Dismiss  .     l - +0 cloak
rCorr  .         Reflect  .     (no gloves)
MR     .....     Harm     .     (no boots)
Stlth  ++........               (no amulet)
                                (no ring)
                                (no ring)

@: mighty, lethally poisoned (0 -> -9), very slightly contaminated
A: high mp 1
a: no special abilities


You were on level 2 of the Dungeon.
You were not hungry.

You visited 1 branch of the dungeon, and saw 2 of its levels.

You collected 48 gold pieces.

Inventory:

Hand Weapons
 a - a +1 dagger
 e - a cursed -2 dagger (weapon)
Armour
 b - a +1 robe (worn)
 l - a +0 cloak (worn)
Jewellery
 n - a +2 ring of dexterity {unknown}
Scrolls
 f - a scroll of remove curse {unknown}
 g - 2 scrolls of identify {unknown}
 m - a scroll of amnesia {unknown}
Books
 c - a book of Maledictions

   Spells                             Type                      Level
   a - Corona                         Hexes                        1
   b - Ensorcelled Hibernation        Hexes/Ice                    2
   c - Confuse                        Hexes                        3
   d - Tukima's Dance                 Hexes                        3
   e - Dazzling Spray                 Conjuration/Hexes            3
Comestibles
 d - a bread ration
 i - 3 chunks of flesh
 j - a slice of pizza
 k - 2 beef jerkies


   Skills:
 - Level 1.0 Short Blades
 - Level 1.7 Dodging
 - Level 3.0 Stealth
 - Level 2.0 Spellcasting
 + Level 3.7 Hexes


You had 3 spell levels left.
You knew the following spells:

 Your Spells              Type           Power        Failure   Level  Hunger
a - Corona                Hex            ###....      4%          1    #......
f - Ensorcelled Hibernat  Hex/Ice        #.....       14%         2    ###....


Dungeon Overview and Level Annotations

Branches:
Dungeon (2/15)

Annotations:
D:2 Ijyb


Innate Abilities, Weirdness & Mutations

You have an increased reservoir of magic. (+10% MP)


Message History

The adder hisses angrily.
You hit Ijyb but do no damage.
You feel sick. Ijyb completely misses you. The jackal closely misses you.
The adder bites you but does no damage.
A kobold comes into view.
You feel sick. The jackal misses you. Ijyb hits you with a dagger.
The jackal bites you.
* * * LOW HITPOINT WARNING * * *
Ijyb misses you. The adder bites you.
* * * LOW HITPOINT WARNING * * *
You are more poisoned.
The adder poisons you! The adder barely misses you. x2
* * * LOW HITPOINT WARNING * * *
You feel sick.
Okay, then.
* * * LOW HITPOINT WARNING * * *
You feel sick.
It was a potion of might.
You feel very mighty all of a sudden.
You die...

....##.##.....##.# #.#..#.#
.....#.......#.# #.#..#.#
#..#.......#K####†#..#.#
#......_.....#.##.#....#
##.#.......#g.....##.###
#.#.......#g#..####.#
#.##.....##S.....##.#
#.####.####S.....##.###
#.........@..#...)....#
gh.....######.....#......#(#
.h.....# #######.######.#
..S....# #........# .......#
########## ..$....# ?.##)###
#. #?


You could see Ijyb, 2 adders, a goblin and a kobold (wandering).

Vanquished Creatures
  A gnoll (D:1)
  A dart slug (D:1)
  2 bats
  5 goblins
  6 hobgoblins
  2 jackals (D:2)
  A quokka (D:2)
  A ball python (D:1)
  3 giant newts (D:1)
  6 kobolds (D:1)
  5 rats
33 creatures vanquished.

Notes
Turn   | Place    | Note
-------+----------+-------------------------------------------
     0 | D:1      | Amnesiac the Demigod Enchanter began the quest for the Orb.
     0 | D:1      | Reached XP level 1. HP: 14/14 MP: 5/5
    17 | D:1      | Reached skill level 1 in Short Blades
   574 | D:1      | Reached XP level 2. HP: 20/20 MP: 7/7
   583 | D:1      | Learned a level 2 spell: Ensorcelled Hibernation
  1285 | D:1      | Reached XP level 3. HP: 26/26 MP: 5/8
  1675 | D:2      | Found a glowing silver altar of Zin.
  1687 | D:2      | Noticed Ijyb
  1832 | D:2      | HP: 1/26 [poisoned by an adder]
  1833 | D:2      | Succumbed to an adder's poison

Vault maps used:
D:1:      shiori_shiawase
D:2:      nicolae_overflow_hidden_temple, lemuel_doored_altar,
          old_standard_altar, uniq_iyjb

Skill      XL: |  1  2 |
---------------+-------+-----
Short Blades   | 1 |  1.0
Stealth        | 3 |  3.0
Spellcasting   | 2 |  2.0
Hexes          | 3 |  3.7
Dodging        | |  1.7

Action                   || total
-------------------------++-------
Melee: Dagger            ||    72
 Cast: Corona            ||     6
       Ensorcelled Hiber ||    21
  Use: Potion            ||     1
 Stab: Sleeping          ||    21
  Eat: Chunk             ||     4
Armor: Robe              ||    20
Dodge: Dodged            ||    55
